 Dungeon Sprint DCSS version 0.24.0-125-gc4c63601f3 (webtiles) character file.

Game seed: 5126566777922828590, levelgen mode: deterministic

107 Ponchio the Geomancer (level 4, -13/24 HPs)
             Began as a Deep Elf Earth Elementalist on Feb 29, 2020.
             Mangled by a merfolk siren
             ... wielding a +0 spear
              (14 damage)
             ... in the Dungeon (Sprint II: "The Violet Keep of Menkaure").
             The game lasted 00:02:26 (499 turns).

Ponchio the Geomancer (Deep Elf Earth Elementalist)  Turns: 499, Time: 00:02:27

Health: -13/24     AC:  2    Str:  5    XL:     4   Next: 56%
Magic:  11/15      EV: 14    Int: 21    God:
Gold:   486        SH:  0    Dex: 15    Spells: 7/17 levels left

rFire    . . .     SeeInvis .   (no weapon)
rCold    . . .     Gourm    .   (no shield)
rNeg     . . .     Faith    .   c - +0 robe
rPois    .         Spirit   .   (no helmet)
rElec    .         Reflect  .   (no cloak)
rCorr    .         Harm     .   (no gloves)
MR       .....     NoTele   +   (no boots)
Stlth    ++........             (no amulet)
HPRegen  0.08/turn              (no ring)
MPRegen  0.14/turn              (no ring)

@: no status effects
A: no striking features
a: no special abilities


You were in the Dungeon.
You were not hungry.

You visited 1 branch You collected 486 gold pieces.

Inventory:

Missiles
 b - 5 stones (quivered)
Armour
 c - a +0 robe (worn)
Scrolls
 j - a scroll of blinking
Potions
 f - a potion of heal wounds
 h - a potion of magic
 i - a potion of berserk rage
Comestibles
 d - a ration


   Skills:
 + Level 0.1 Fighting
 - Level 4.1 Dodging
 - Level 3.2 Stealth
 + Level 7.1 Spellcasting
 + Level 1.1 Transmutations
 + Level 8.2 Earth Magic


You had 7 spell levels left.
You knew the following spells:

 Your Spells              Type           Power        Failure   Level  Hunger
a - Sandblast             Erth           #####.       1%          1    None
b - Passwall              Tmut/Erth      ####....     1%          2    None
c - Stone Arrow           Conj/Erth      ###...       4%          3    None
d - Petrify               Tmut/Erth      ####....     13%         4    ###....

Your spell library contained the following spells:

 Spells                   Type           Power        Failure   Level  Hunger
 Lee's Rapid Deconstruct  Erth           #####.....   9%          5    #####..


Dungeon Overview and Level Annotations

Branches:
Dungeon (1/1)

Altars:

Shops:
D (}==!?::[}(


Message History

Confirm with . or Enter, or press ? or * to list all spells.
Aiming: Sandblast (safe; 1% risk of failure)
Press: ? - help, Shift-Dir - straight line, f/p - merfolk siren
Aim: a merfolk siren, wielding a +0 spear (lightly wounded)
The blast of sand misses the merfolk siren.
b - 6 stones The merfolk siren hits you from afar with a +0 spear!
Ouch! That really hurt!
* * * LOW HITPOINT WARNING * * *
Casting: Sandblast (safe; 1% risk of failure)
Confirm with . or Enter, or press ? or * to list all spells.
Aiming: Sandblast (safe; 1% risk of failure)
Press: ? - help, Shift-Dir - straight line, f/p - merfolk siren
Aim: a merfolk siren, wielding a +0 spear (lightly wounded)
The blast of sand hits the merfolk siren!
The merfolk siren is heavily wounded.
b - 5 stones The merfolk siren hits you from afar with a +0 spear!
Ouch! That really hurt!
You die...

#######≈≈≈.
.....∩#≈≈≈ ....∩.#≈≈≈
## ...∩.∩#≈≈ #3
∩.∩.∩.#≈≈### ##. #
.∩.∩..#≈##.###+# .##
∩.∩...#≈#.†.##.##...#
.⌠....+≈'##†'.<@'m#
......#≈#.####.##...#
▓▓▓▓###≈##.# #†# .##
F######≈≈### #.# #
##≈≈≈#..#..# #+#≈##.
.## ≈≈## ## #≈≈≈ +++#


You could see a merfolk siren.

Vanquished Creatures
  4 worker ants (D)
  3 worms (D)
7 creatures vanquished.

Vanquished Creatures (others)
  Menkaure (D)
  A crocodile (D)
2 creatures vanquished.

Grand Total: 9 creatures vanquished

Notes
Turn   | Place    | Note
-------+----------+-------------------------------------------
     0 | D        | Ponchio the Deep Elf Earth Elementalist began the quest for
                  | the Orb.
     0 | D        | Reached XP level 1. HP: 10/10 MP: 6/6
     1 | D        | Noticed a worker ant
     1 | D        | Noticed a worker ant
    11 | D        | Killed a worker ant
    11 | D        | Reached skill level 5 in Earth Magic
    11 | D        | Reached XP level 2. HP: 1/15 MP: 4/9
    12 | D        | Reached skill level 5 in Spellcasting
    12 | D        | Reached skill level 6 in Earth Magic
    12 | D        | Reached XP level 3. HP: 2/19 MP: 3/12
    22 | D        | Killed Menkaure
    68 | D        | Killed a crocodile
   317 | D        | Reached skill level 7 in Earth Magic
   317 | D        | Reached XP level 4. HP: 14/24 MP: 9/14
   436 | D        | Learned a level 2 spell: Passwall
   440 | D        | Learned a level 3 spell: Stone Arrow
   445 | D        | Learned a level 4 spell: Petrify
   448 | D        | Reached skill level 8 in Earth Magic
   459 | D        | Found Refe's Distillery.
   459 | D        | Found Tinom's Book Emporium.
   459 | D        | Found Xucyot's Jewellery Shoppe.
   459 | D        | Found Oroz's Antique Armour Emporium.
   459 | D        | Found Olackytae's Jewellery Shoppe.
   459 | D        | Found Hokel's Antique Weapon Emporium.
   459 | D        | Found Keqis's Magic Scroll Shoppe.
   459 | D        | Found Puro's Book Shoppe.
   459 | D        | Found Jontozub's Gadget Shoppe.
   462 | D        | Found Ixuhua's Gadget Shoppe.
   462 | D        | Found Ciuvyerph's Weapon Emporium.
   462 | D        | Noticed a spiny frog
   491 | D        | Noticed a neqoxec
   495 | D        | Noticed a merfolk siren
   498 | D        | HP: 1/24 [merfolk siren/+0 spear (16)]
   499 | D        | Mangled by a merfolk siren

Levels and vault maps discovered:
D:        the_violet_keep_of_menkaure [sprint2_stairs_cluster_1,
          sprint2_shoproom, sprint2_temple, sprint2_basic_supplies,
          sprint2_obstacle_7, sprint2_obstacle_2, sprint2_obstacle_5,
          sprint2_obstacle_4, sprint2_obstacle_1, sprint2_timed_cluster_1,
          sprint2_smallroom_cluster_1, sprint2_smallroom_final_cluster_1,
          sprint2_transparent_cluster_1, sprint2_second_timed_cluster_1,
          sprint2_sniper_area_1, sprint2_heavy_combat_area_1,
          sprint2_mutation_trap_area_1, sprint2_forest_area_1,
          sprint2_light_combat_area_1, sprint2_behind_water_1,
          sprint2_near_end_vault_1]

Skill      XL: |  1  2  3  4 |
---------------+-------------+-----
Dodging        | 3 4 |  4.1
Spellcasting   | 4 5 6 7 |  7.1
Earth Magic    | 5 6 7 8 |  8.2
Stealth        | 3 |  3.2
Fighting       | |  0.1
Transmutations | |  1.1

Action                   |  1- 3 |  4- 6 || total
-------------------------+-------+-------++-------
 Cast: Sandblast         |    12 |    13 ||    25
  Use: Potion            |     2 |     1 ||     3
Dodge: Dodged            |     5 |       ||     5
